 Dungeon Crawl Stone Soup version 0.24-a0-458-gfcb5e6da0e (webtiles) character file.

Game seed: 1385301887066392964

41287 Peloso the Peltast (level 13, -2/116 HPs)
             Began as a Minotaur Fighter on June 27, 2019.
             Was a High Priest of Okawaru.
             Slain by an orc warrior
             ... wielding a +0 battleaxe
             ... led by an orc warlord
              (18 damage)
             ... on level 2 of the Orcish Mines.
             The game lasted 01:05:12 (22689 turns).

Peloso the Peltast (Minotaur Fighter)              Turns: 22689, Time: 01:05:12

Health: -2/116     AC: 31    Str: 35    XL:     13   Next: 79%
Magic:  11/13      EV: 14    Int:  5    God:    Okawaru [*****.]
Gold:   1457       SH: 20    Dex: 24    Spells: 12/12 levels left

rFire    + . .     SeeInvis .   a - +2 falchion (flame)
rCold    . . .     Gourm    .   c - +1 shield
rNeg     + . .     Faith    .   e - +1 crystal plate armour of Incorporation {Dex+4}
rPois    +         Spirit   .   (helmet restricted)
rElec    .         Reflect  .   (no cloak)
rCorr    .         Harm     .   h - +0 pair of gloves {Str+3}
MR       .....                  o - +2 pair of boots
Stlth    ..........             F - amulet "Untuiv Surau" {Inacc *Corrode rPois rF+}
HPRegen  0.29/turn              y - ring of Nad Jotwos {*Contam Str+9 Stlth-}
MPRegen  0.13/turn              P - ring "Huteg" {rN+ Dex+7}

@: heroism
A: retaliatory headbutt, horns 2, blurry vision 1
a: Heroism, Finesse, Renounce Religion


You were on level 2 of the Orcish Mines.
You worshipped Okawaru.
Okawaru was extremely pleased with you.
You were hungry.

You visited 4 branches of the dungeon, and saw 19 of its levels.
You also visited: Sewer, Ossuary and Gauntlet.

You collected 1587 gold pieces.
You spent 130 gold pieces at shops.

Inventory:

Hand Weapons
 a - a +2 falchion of flaming (weapon)
 b - a +2 long sword of slicing
 B - a +0 hand crossbow
Missiles
 r - 188 bolts
 A - 57 poisoned darts (quivered)
 M - 15 atropa-tipped darts
Armour
 c - a +1 shield (worn)
 e - the +1 crystal plate armour of Incorporation (worn) {Dex+4}
   (Okawaru gifted it to you on level 2 of the Lair of Beasts)

   It affects your dexterity (+4).
 h - a +0 pair of gloves of strength (worn)
 j - the +0 ring mail of the Orb Guardian {+Inv +Fly rPois rC+ Str+3}
   (You found it on level 2 of the Lair of Beasts)

   It affects your strength (+3).
   It protects you from cold.
   It protects you from poison.
   It lets you turn invisible.
   It lets you fly.
 o - a +2 pair of boots (worn)
 q - a +3 plate armour of fire resistance
 v - a +0 plate armour of poison resistance
Jewellery
 g - an uncursed ring of ice
 m - a +5 amulet of reflection
 y - the ring of Nad Jotwos (left hand) {*Contam Str+9 Stlth-}
   (You found it in a Gauntlet)

   [ring of attention]

   It affects your strength (+9).
   It causes magical contamination when unequipped.
   It makes you less stealthy.
 F - the amulet "Untuiv Surau" (around neck) {Inacc *Corrode rPois rF+}
   (You found it in a Gauntlet)

   [amulet of inaccuracy]

   It reduces the accuracy of all your attacks.
   It protects you from fire.
   It protects you from poison.
   It may corrode you when you take damage.
 O - the ring "Ivvam" {MP+9 Str+2 Int-4 SInv}
   (You found it on level 9 of the Dungeon)

   [ring of magical power]

   It affects your strength (+2).
   It affects your intelligence (-4).
   It affects your magic capacity (+9).
   It lets you see invisible.
 P - the ring "Huteg" (right hand) {rN+ Dex+7}
   (You found it in a Gauntlet)

   [ring of positive energy]

   It affects your dexterity (+7).
   It protects you from negative energy.
 U - an uncursed ring of flight
Wands
 n - a wand of enslavement (9)
 p - a wand of paralysis (5)
 G - a wand of random effects (26)
 H - a wand of flame (9)
 L - a wand of digging (3)
 R - a wand of clouds (7)
Scrolls
 i - 2 scrolls of blinking
 k - 2 scrolls of fog
 l - a scroll of enchant weapon
 t - a scroll of acquirement
 x - 10 scrolls of teleportation
 z - a scroll of summoning
 J - 2 scrolls of noise
 K - 4 scrolls of magic mapping
 N - a scroll of enchant armour
 Q - 5 scrolls of remove curse
 S - 2 scrolls of identify
Potions
 d - a potion of might
 s - 7 potions of heal wounds
 u - 4 potions of haste
 w - 7 potions of curing
 C - 3 potions of flight
 D - 5 potions of agility
 E - a potion of mutation
 I - 4 potions of resistance
 T - a potion of brilliance
Comestibles
 f - 31 rations


   Skills:
 + Level 11.1(16.1) Fighting
 + Level 14.7(19.7) Long Blades
 + Level 12.7(17.7) Armour
 + Level 3.7(8.7) Dodging
 + Level 1.3(6.3) Stealth
 + Level 16.9(21.9) Shields
 + Level 1.8 Invocations
 + Level 0.6 Evocations


You had 12 spell levels left.
You didn't know any spells.
Your spell library contained the following spells:

 Spells                   Type           Power        Failure   Level  Hunger
 Corona                   Hex            #......      99%         1    ##.....
 Freeze                   Ice            #...         99%         1    ##.....
 Magic Dart               Conj           #...         99%         1    ##.....
 Shock                    Conj/Air       #...         99%         1    ##.....
 Blink                    Tloc           N/A          100%        2    ###....
 Call Imp                 Summ           #.......     100%        2    ###....
 Slow                     Hex            #.......     100%        2    ###....
 Swiftness                Chrm/Air       #.......     100%        2    ###....
 Throw Frost              Conj/Ice       #.....       100%        2    ###....
 Conjure Flame            Conj/Fire      #.......     100%        3    ####...
 Ignite Poison            Fire/Tmut/Pois #.......     100%        3    ####...
 Inner Flame              Hex/Fire       #.......     100%        3    ####...
 Mephitic Cloud           Conj/Pois/Air  #.......     100%        3    ####...
 Ozocubu's Armour         Chrm/Ice       #.......     100%        3    ####...
 Portal Projectile        Hex/Tloc       #.....       100%        3    ####...
 Spider Form              Tmut/Pois      #.........   100%        3    ####...
 Static Discharge         Conj/Air       #.......     100%        3    ####...
 Airstrike                Air            #.........   100%        4    #####..
 Cause Fear               Hex            #.........   100%        4    #####..
 Leda's Liquefaction      Hex/Erth       #.........   100%        4    #####..
 Summon Ice Beast         Ice/Summ       #.......     100%        4    #####..
 Throw Icicle             Conj/Ice       #.......     100%        4    #####..
 Alistair's Intoxication  Tmut/Pois      #.......     100%        5    ######.
 Bolt of Magma            Conj/Fire/Erth #.........   100%        5    ######.
 Iskenderun's Battlesphe  Conj/Chrm      #.......     100%        5    ######.
 Lightning Bolt           Conj/Air       #.........   100%        5    ######.
 Venom Bolt               Conj/Pois      #.........   100%        5    ######.
 Iron Shot                Conj/Erth      #.........   100%        6    #######
 Orb of Destruction       Conj           #.........   100%        7    #######
 Spellforged Servitor     Conj/Summ      #.........   100%        7    #######


Dungeon Overview and Level Annotations

Branches:
Dungeon (12/15)            Temple (1/1) D:4            Lair (4/6) D:9
  Swamp (0/4) Lair:4       Spider (0/4) Lair:4          Orc (2/2) D:12
    Elf: Orc:2

Altars:
Ashenzari
Cheibriados
Dithmenos
Elyvilon
Fedhas
Hepliaklqana
Kikubaaqudgha
Makhleb
Nemelex Xobeh
Okawaru
Qazlal
Ru
Sif Muna
Trog
Uskayaw
Vehumet
Wu Jian
Yredelemnul
Zin
The Shining One

Shops:
D:6 !   D:7 *   D:11 (   D:12 [(   Orc:1 }

Annotations:
Lair:3 3 runed translucent doors, Gynju's ghost, journeyman TrFi


Innate Abilities, Weirdness & Mutations

You reflexively headbutt those who attack you in melee.
You have a pair of horns on your head.
Scrolls take you a little longer to read.


Message History

The warg bites you but does no damage.
Unknown command.
You hit the orc sorcerer. You burn the orc sorcerer.
Your headbutt misses the orc sorcerer.
The orc sorcerer is lightly wounded.
You block the warg's attack. The orc priest closely misses you.
You furiously retaliate!
You headbutt the orc priest!
You kill the orc priest!
Okawaru accepts your kill. The orc sorcerer barely misses you.
You block the orc warrior's attack. You block the orc's attack.
The orc knight hits you with a +2 dire flail of protection!!
* * * LOW HITPOINT WARNING * * *
You slash the orc sorcerer! You burn the orc sorcerer.
Your headbutt misses the orc sorcerer.
The orc sorcerer is heavily wounded.
The warg barely misses you. You furiously retaliate!
You headbutt the warg! You block the warg's attack.
You block the orc priest's attack.
The orc warrior hits you with a +0 battleaxe!!
You die...

....o.....................#.##
...4....................#####
...o.....).............##
..h..8).................####
..#####.................##.##
. #..................#.).#
#.........)o......###))##
##.......[hho......#[)).#
##......oo@o.....#))..##
#.......ooo)....#....#.##
#................#......#
........................##
.......................###
........................##
.................#.......##
....................#....#
................#....##


You could see an orc knight, 2 wargs, an orc sorcerer, 3 orc warriors, an orc
priest, an orc wizard and an orc.

Vanquished Creatures
  An orc warlord (D:12)
  A reaper (Gauntlet)
  A minotaur (Gauntlet)
  Snorg (D:12)
  2 hydras
  Fannar (Lair:2)
  4 two-headed ogres
  2 death yaks (Lair:4)
  Urug (Orc:1)
  An orc high priest (Orc:2)
  2 unseen horrors
  3 orc knights
  2 orc sorcerers
  A cyclops (D:11)
  2 centaur zombies (D:11)
  A torpor snail (Lair:4)
  3 elephants (Lair:4)
  Maurice (D:9)
  A black mamba (Lair:1)
  A hellion (Gauntlet)
  A komodo dragon (Lair:4)
  3 spiny frogs
  2 polar bears (D:8)
  A jumping spider (Lair:4)
  6 trolls
  Grinder (D:3)
  6 dream sheep
  4 hippogriffs
  3 wraiths
  2 basilisks (Lair:2)
  2 wyverns
  29 yaks
  2 hungry ghosts
  2 steam dragons (D:7)
  3 wargs
  4 water moccasins
  4 porcupines
  Purgy (Sewer)
  A sky beast (D:11)
  3 ice beasts
  4 black bears
  29 orc warriors
  10 wolves (Lair:2)
  4 centaurs
  A necrophage (D:11)
  2 phantoms
  9 ogres
  12 crocodiles
  5 big kobolds
  13 bullfrogs
  A gnoll sergeant (D:9)
  A wyvern skeleton (D:10)
  4 scorpions
  12 wights
  3 howler monkeys (D:7)
  4 electric eels
  6 crimson imps
  A quasit (D:12)
  4 hounds
  23 orc priests
  3 bullfrog skeletons
  3 iguanas
  Jessica (D:2)
  28 orc wizards
  Ijyb (D:2)
  10 worker ants
  3 mummies (Ossuary)
  2 hound zombies
  A howler monkey zombie (D:6)
  14 gnolls
  17 adders
  7 shadow imps
  2 white imps (D:8)
  5 oozes
  2 adder zombies
  6 worms
  2 dart slugs
  12 leopard geckos
  102 orcs
  9 giant cockroaches
  5 goblins
  5 hobgoblins
  13 jackals
  23 kobolds
  9 quokkas
  2 ball pythons (D:1)
  9 bats
  5 frilled lizards
  A giant cockroach zombie (D:6)
  A gnoll zombie (Ossuary)
  4 goblin zombies (Ossuary)
  3 hobgoblin zombies (Ossuary)
  5 kobold zombies (Ossuary)
  2 leopard gecko skeletons
  A leopard gecko zombie (D:5)
  A quokka skeleton (D:9)
  11 rats
  A fungus (D:9)
591 creatures vanquished.

Vanquished Creatures (others)
  An orc warrior (Orc:2)
  4 centaurs (D:7)
  An ufetubus (D:8)
  2 orcs
  2 goblins (D:3)
  A kobold (Sewer)
  5 fungi
  3 plants
19 creatures vanquished.

Grand Total: 610 creatures vanquished

Notes
Turn   | Place    | Note
-------+----------+-------------------------------------------
     0 | D:1      | Peloso the Minotaur Fighter began the quest for the Orb.
     0 | D:1      | Reached XP level 1. HP: 19/19 MP: 0/0
   172 | D:1      | Reached XP level 2. HP: 26/27 MP: 1/1
   268 | D:1      | Reached skill level 4 in Shields
   481 | D:1      | Reached XP level 3. HP: 33/33 MP: 2/2
  1545 | D:2      | Noticed Jessica
  1565 | D:2      | Killed Jessica
  1565 | D:2      | Reached XP level 4. HP: 41/41 MP: 3/3
  2014 | D:2      | Reached skill level 1 in Dodging
  2150 | D:3      | Reached XP level 5. HP: 30/47 MP: 4/4
  2313 | D:3      | Noticed Grinder
  2318 | D:3      | Killed Grinder
  2318 | D:3      | Reached skill level 5 in Long Blades
  2318 | D:3      | Reached skill level 5 in Armour
  2318 | D:3      | Reached skill level 5 in Shields
  2318 | D:3      | Reached XP level 6. HP: 34/53 MP: 5/5
  2650 | D:3      | Noticed Ijyb
  2676 | D:2      | Reached skill level 5 in Fighting
  3127 | D:2      | HP: 1/56 [acid (9)]
  3140 | D:2      | Killed Ijyb
  3140 | D:2      | HP: 1/56 [orc/+0 club (5)]
  3149 | D:2      | HP: 1/56 [orc/+0 club (2)]
  3970 | D:3      | Found a radiant altar of Vehumet.
  3970 | D:3      | Found a bloodstained altar of Trog.
  4215 | D:4      | Reached XP level 7. HP: 61/61 MP: 6/6
  4572 | D:4      | Found a staircase to the Ecumenical Temple.
  4631 | Temple   | Entered the Ecumenical Temple
  4802 | Temple   | Became a worshipper of Warmaster Okawaru
  5382 | D:4      | Found a blossoming altar of Fedhas.
  5390 | D:4      | Reached skill level 6 in Shields
  5525 | D:5      | Entered Level 5 of the Dungeon
  5558 | D:5      | Found a bloodstained altar of Trog.
  5936 | D:5      | Reached XP level 8. HP: 69/69 MP: 7/7
  6564 | D:6      | Reached * piety under Okawaru
  6777 | D:6      | Found a glowing drain.
  6810 | Sewer    | Entered a sewer
  6846 | Sewer    | Noticed Purgy
  6860 | Sewer    | Killed Purgy
  6860 | Sewer    | Reached skill level 7 in Shields
  7050 | D:6      | Found Xodgh's Distillery.
  7493 | D:7      | Reached XP level 9. HP: 54/75 MP: 8/8
  7585 | D:7      | Reached ** piety under Okawaru
  7610 | D:7      | Reached skill level 8 in Shields
  7670 | D:7      | Reached skill level 10 in Long Blades
  7672 | D:7      | Found a sand-covered staircase.
  7824 | Ossuary  | Entered an ossuary
  8338 | D:7      | Found Cenoq's Commerce Corner.
  8806 | D:7      | Found an iron altar of Okawaru.
  8916 | D:7      | Reached skill level 9 in Shields
  8992 | D:7      | Found a sparkling altar of Nemelex Xobeh.
  8992 | D:7      | You fall into a shaft and drop 1 floor!
  9013 | D:8      | Reached *** piety under Okawaru
  9056 | D:8      | Reached XP level 10. HP: 73/84 MP: 9/9
  9168 | D:8      | Noticed a three-headed hydra
  9174 | D:8      | Killed a one-headed hydra
  9174 | D:8      | Reached **** piety under Okawaru
  9174 | D:8      | Reached skill level 10 in Shields
 10011 | D:7      | Found a sacrificial altar of Ru.
 10182 | D:8      | Found a white marble altar of Elyvilon.
 10415 | D:9      | Found a staircase to the Lair.
 10525 | D:8      | Found a deep blue altar of Sif Muna.
 10559 | D:9      | Reached ***** piety under Okawaru
 10632 | D:9      | Received a gift from Okawaru
 10632 | D:9      | Reached skill level 11 in Shields
 10645 | D:9      | Noticed a two-headed ogre
 10683 | D:9      | Killed a two-headed ogre
 10683 | D:9      | Reached XP level 11. HP: 54/94 MP: 8/10
 10826 | D:9      | Got a slimy amber ring
 11269 | D:9      | Reached skill level 10 in Armour
 11339 | D:9      | Noticed Maurice
 11352 | D:9      | Killed Maurice
 11448 | D:9      | Identified the ring "Ivvam" {MP+9 Str+2 Int-4 SInv} (You
                  | found it on level 9 of the Dungeon)
 11497 | D:10     | Entered Level 10 of the Dungeon
 11630 | D:10     | Noticed an unseen horror
 11662 | D:10     | Killed an unseen horror
 11706 | D:10     | Noticed a two-headed ogre
 11732 | D:10     | Killed a two-headed ogre
 11732 | D:10     | Received a gift from Okawaru
 11732 | D:10     | Reached skill level 12 in Shields
 12324 | D:11     | Found Juisch's Weapon Boutique.
 13474 | D:12     | Noticed a two-headed ogre
 13481 | D:12     | Killed a two-headed ogre
 13481 | D:12     | Reached skill level 13 in Shields
 13481 | D:12     | Reached XP level 12. HP: 104/104 MP: 11/11
 13487 | D:12     | Found Agidus's Armour Shoppe.
 13491 | D:12     | Noticed a two-headed ogre
 13496 | D:12     | Found a staircase to the Orcish Mines.
 13506 | D:12     | Killed a two-headed ogre
 13512 | D:12     | Found Ciyss's Weapon Shoppe.
 13523 | D:12     | Reached skill level 1 in Stealth
 13534 | D:12     | Got a transparent battleaxe
 13536 | D:12     | Identified the +6 battleaxe of the Empty Page {holy, Str+3}
                  | (You found it on level 12 of the Dungeon)
 13929 | D:12     | Received a gift from Okawaru
 14001 | D:12     | Got a translucent trident {god gift}
 14004 | D:12     | Identified the +5 trident of Blood-Lust {speed, rElec}
                  | (Okawaru gifted it to you on level 12 of the Dungeon)
 14064 | Orc:1    | Entered Level 1 of the Orcish Mines
 14267 | Orc:1    | Gained mutation: Scrolls take you a little longer to read.
                  | [a neqoxec]
 14658 | Orc:1    | Noticed Snorg
 14661 | Orc:1    | Reached skill level 14 in Shields
 14679 | D:12     | Killed Snorg
 14817 | Orc:1    | Noticed an orc warlord
 14982 | D:12     | Killed an orc warlord
 14982 | D:12     | Received a gift from Okawaru
 15630 | Orc:2    | Entered Level 2 of the Orcish Mines
 15637 | Orc:2    | Noticed Urug
 15916 | Orc:1    | Killed Urug
 15916 | Orc:1    | Reached skill level 1 in Invocations
 15925 | Orc:2    | Reached skill level 15 in Shields
 16376 | Orc:2    | Reached skill level 10 in Fighting
 16652 | Orc:2    | Reached XP level 13. HP: 87/113 MP: 12/12
 16955 | Orc:1    | Found Seaxtiumu's Gadget Boutique.
 17140 | Lair:1   | Entered Level 1 of the Lair of Beasts
 17629 | Lair:1   | Found the +8 whip "Snakebite" {curare, rPois}
 18243 | Lair:2   | Received a gift from Okawaru
 18248 | Lair:2   | Got a polished crystal plate armour {god gift}
 18259 | Lair:2   | Identified the +1 crystal plate armour of Incorporation
                  | {Dex+4} (Okawaru gifted it to you on level 2 of the Lair of
                  | Beasts)
 18944 | Lair:2   | Noticed Fannar
 18957 | Lair:2   | Killed Fannar
 19119 | Lair:2   | Got a brightly glowing ring mail
 19130 | Lair:2   | Identified the cursed +0 ring mail of the Orb Guardian
                  | {+Inv +Fly rPois rC+ Str+3} (You found it on level 2 of the
                  | Lair of Beasts)
 19588 | Lair:3   | Found a shattered altar of Ashenzari.
 19723 | Lair:3   | Reached skill level 16 in Shields
 19749 | Lair:3   | Found a runed translucent gate.
 19750 | Lair:3   | Found a runed translucent gate.
 19755 | Lair:3   | Noticed Gynju's ghost (journeyman TrFi)
 19756 | Lair:3   | Found a runed translucent gate.
 20077 | Lair:4   | Found a gate leading to a gauntlet.
 20086 | Gauntlet | Entered a Gauntlet
 20086 | Gauntlet | Found a transporter.
 20086 | Gauntlet | Found a transporter.
 20086 | Gauntlet | Found a transporter.
 20086 | Gauntlet | Noticed a reaper
 20089 | Gauntlet | Found a transporter.
 20090 | Gauntlet | Found a transporter.
 20092 | Gauntlet | Found a large runed translucent door.
 20093 | Gauntlet | Found a large runed translucent door.
 20094 | Gauntlet | Found a large runed translucent door.
 20094 | Gauntlet | Found a large runed translucent door.
 20094 | Gauntlet | Found a runed translucent door.
 20095 | Gauntlet | Found a large runed translucent door.
 20095 | Gauntlet | Found a runed translucent door.
 20096 | Gauntlet | Found a large runed translucent door.
 20096 | Gauntlet | Found a large runed translucent door.
 20096 | Gauntlet | Found a large runed translucent door.
 20096 | Gauntlet | Found a large runed translucent door.
 20096 | Gauntlet | Found a large runed translucent door.
 20097 | Gauntlet | Found a large runed translucent door.
 20097 | Gauntlet | Found a large runed translucent door.
 20097 | Gauntlet | Found a large runed translucent door.
 20097 | Gauntlet | Found a large runed translucent door.
 20099 | Gauntlet | Found a runed translucent gate.
 20099 | Gauntlet | Found a runed translucent gate.
 20099 | Gauntlet | Found a runed translucent gate.
 20101 | Gauntlet | Found a transporter.
 20102 | Gauntlet | Found a transporter.
 20113 | Gauntlet | Found a large runed translucent door.
 20115 | Gauntlet | Found a transporter.
 20123 | Gauntlet | Found a transporter.
 20141 | Gauntlet | Found a transporter.
 20149 | Gauntlet | Found a transporter.
 20169 | Gauntlet | Found a transporter.
 20313 | Gauntlet | Killed a reaper
 20326 | Gauntlet | Got a transparent granite ring
 20327 | Gauntlet | Identified the ring of Nad Jotwos {*Contam Str+9 Stlth-}
                  | (You found it in a Gauntlet)
 20341 | Gauntlet | Identified a scroll of acquirement
 20400 | Gauntlet | Got a clouded bronze amulet
 20402 | Gauntlet | Identified the amulet "Untuiv Surau" {Inacc *Corrode rPois
                  | rF+} (You found it in a Gauntlet)
 20407 | Gauntlet | Noticed a minotaur
 20421 | Gauntlet | Killed a minotaur
 20437 | Gauntlet | Identified the Guide on Vitriolic Stones
 20438 | Gauntlet | Got a twitching gossamer ring
 20454 | Gauntlet | Identified the ring "Huteg" {rN+ Dex+7} (You found it in a
                  | Gauntlet)
 21057 | Lair:4   | Found a staircase to the Swamp.
 21231 | Lair:4   | Found a hole to the Spider Nest.
 21909 | D:6      | Bought a potion of heal wounds for 65 gold pieces
 21909 | D:6      | Bought a potion of heal wounds for 65 gold pieces
 22676 | Orc:2    | HP: 4/116 [orc priest/divine providence[an orc warlord]
                  | (15)]
 22689 | Orc:2    | Slain by an orc warrior

Levels and vault maps discovered:
D:1:      lightli_arrival_statue_moat, layout_basic, minmay_tromino_i2
D:2:      layout_loops_corners, minmay_door_square, uniq_jessica
D:3:      kennysheep_the_goblin_king, layout_basic,
          gammafunk_temple_overflow_wave, minivault_5, minmay_vboxes,
          uniq_grinder
D:4:      layout_loops_ring, temple_pool_b, first_ration, fedhas_altar_4
D:5:      layout_loops_corners, trog_butcher_becter
D:6:      layout_basic, portal_sewer_entry_e, serial_shops, shop_fountains
D:7:      cheibrodos_steamvent, layout_loops_ring,
          gammafunk_temple_overflow_statue,
          lightli_ossuary_entry_decrepit_ruins, nicolae_alphabet_shops,
          lemuel_centaur_altar
D:8:      layout_rooms, nicolae_overflow_hidden_temple, lemuel_round_altar,
          serial_ice, serial_ice_k, serial_ice_m, serial_ice_d, serial_ice_e,
          hangedman_ranch [blue_anna_fruit_fields]
D:9:      layout_long_grid, due_lair_maze_entry_diamond, nrook_mini_vaults,
          st_stairs_4, kennysheep_another_room, kennysheep_potato, uniq_maurice
D:10:     layout_loops_ring
D:11:     layout_irregular_city, serial_shops, shop
D:12:     layout_roguey, orc_david_3, special_room [special_room_orc]
Temple:   regret_index_temple_generic_petals
Lair:1:   minmay_guarded_unrand_snakebite, layout_gridlike, serial_bayou_shore_a
Lair:2:   layout_cave_pods, uniq_fannar
Lair:3:   layout_regular_city, basic_altar, gammafunk_ghost_hydra_chop,
          chequers_serial_rivers_small_a
Lair:4:   layout_regular_city, minmay_swamp_entry_reptiles,
          spider_nest_entry_rubble, gauntlet_entry_generic
Orc:1:    layout_diamond_mine, serial_shops, shop, nicolae_orc_tapped_out,
          uniq_snorg, uniq_josephine
Orc:2:    grunt_orc_cross, layout_caves, uniq_urug

Skill      XL: |  1  2  3  4  5  6  7  8  9 10 11 12 13 |
---------------+----------------------------------------+-----
Fighting       | 4 5 6 7 9 10 11 | 11.1
Shields        | 4 5 6 7 9 11 13 15 16 | 16.9
Armour         | 4 5 6 7 8 9 11 12 | 12.7
Long Blades    | 3 5 6 7 9 11 12 13 14 | 14.7
Dodging        | 1 2 3 |  3.7
Stealth        | 1 |  1.3
Invocations    | 1 |  1.8
Evocations     | |  0.6

Action                   |  1- 3 |  4- 6 |  7- 9 | 10-12 | 13-15 || total
-------------------------+-------+-------+-------+-------+-------++-------
Melee: Long sword        |    86 |   216 |   332 |       |       ||   634
       Headbutt          |    10 |    38 |    95 |   295 |   155 ||   593
       Scimitar          |       |       |   193 |       |       ||   193
       Falchion          |       |       |     1 |  1102 |   488 ||  1591
Invok: Heroism           |       |       |     1 |    15 |     6 ||    22
       Finesse           |       |       |       |       |     1 ||     1
Evoke: Wand              |       |       |     1 |     8 |     6 ||    15
  Use: Potion            |       |     4 |       |     3 |     5 ||    12
       Scroll            |       |     6 |     9 |    10 |     7 ||    32
 Stab: Paralysed         |       |       |       |     1 |       ||     1
  Eat: Chunk             |     2 |     9 |    18 |    27 |     9 ||    65
       Ration            |       |       |       |       |     3 ||     3
Armor: Scale mail        |    54 |     9 |       |       |       ||    63
       Chain mail        |       |    43 |       |   105 |       ||   148
       Plate armour      |       |    71 |   169 |   151 |    74 ||   465
       Crystal plate arm |       |       |       |       |   106 ||   106
Dodge: Dodged            |    44 |    37 |    48 |   139 |   107 ||   375
Block: Shield            |    61 |   128 |   359 |   793 |   439 ||  1780
       Reflection        |       |       |    19 |    31 |     1 ||    51
       Rpst.: Long sword |    11 |    11 |     7 |       |       ||    29
       Scimitar          |       |       |     5 |       |       ||     5
       Falchion          |       |       |       |    40 |    22 ||    62

Table legend:
 A = Non-vault XP
 B = Vault XP
 C = Vault XP percentage of total XP
 D = Non-vault monster count
 E = Vault monster count
 F = Vault count percentage of total count
                 A         B        C        D         E       F
            +---------+---------+-------+---------+---------+-------
      Total |   40928 |   18054 |  30.6 |     466 |     129 |  21.7
            +---------+---------+-------+---------+---------+-------
        D:1 |      48 |       1 |   2.0 |      25 |       1 |   3.8
        D:2 |      76 |      74 |  49.3 |      20 |       4 |  16.7
        D:3 |     233 |     318 |  57.7 |      38 |       9 |  19.1
        D:4 |     597 |       0 |   0.0 |      24 |       0 |   0.0
        D:5 |     186 |      10 |   5.1 |      15 |       4 |  21.1
        D:6 |     584 |      26 |   4.3 |      22 |       8 |  26.7
        D:7 |    1866 |     811 |  30.3 |      43 |       6 |  12.2
        D:8 |     531 |    3112 |  85.4 |      10 |      14 |  58.3
        D:9 |    1400 |    2784 |  66.5 |      43 |      15 |  25.9
       D:10 |    3832 |       0 |   0.0 |      29 |       0 |   0.0
       D:11 |    4451 |       0 |   0.0 |      24 |       0 |   0.0
       D:12 |    8135 |    1792 |  18.1 |      32 |      21 |  39.6
     Lair:1 |    1189 |     650 |  35.3 |       8 |       7 |  46.7
     Lair:2 |    2839 |     965 |  25.4 |      20 |       1 |   4.8
     Lair:3 |    2612 |       0 |   0.0 |      13 |       0 |   0.0
     Lair:4 |    5495 |    1590 |  22.4 |      14 |       5 |  26.3
      Orc:1 |    4117 |     851 |  17.1 |      47 |       1 |   2.1
      Orc:2 |    2737 |    1395 |  33.8 |      39 |       7 |  15.2
      Sewer |       0 |     151 | 100.0 |       0 |       6 | 100.0
    Ossuary |       0 |     273 | 100.0 |       0 |      15 | 100.0
   Gauntlet |       0 |    3251 | 100.0 |       0 |       5 | 100.0
            +---------+---------+-------+---------+---------+-------
